 Dungeon Crawl Stone Soup version 0.30-a0-2-gf48d83f5e2 (webtiles) character file.

Game seed: 10726554740392265009

39 ytrimaz the Insei (level 3, 0/23 HPs)
             Began as an Octopode Transmuter on Aug 20, 2022.
             Slain by a bat (1 damage)
             ... on level 2 of the Dungeon.
             The game lasted 00:01:24 (1452 turns).

ytrimaz the Insei (Octopode Transmuter)             Turns: 1452, Time: 00:01:24

Health: 0/23       AC:  1    Str:  9    XL:     3   Next: 45%
Magic:  6/6        EV: 13    Int: 17    God:
Gold:   111        SH:  0    Dex: 12    Spells: 5/6 levels left

rFire   + . .      SeeInvis .      - Unarmed
rCold   + . .      Faith    .    (no shield)
rNeg    . . .      Spirit   .    (helmet restricted)
rPois   +          Reflect  .    (no amulet)
rElec   +          Harm     .    (no ring)
rCorr   +          Rampage  .    (no ring)
Will    .....                    (no ring)
Stlth   ++........               (no ring)
HPRegen 0.07/turn                (no ring)
MPRegen 0.10/turn                (no ring)
                                 (no ring)
                                 (no ring)

@: resistant
A: almost no armour, amphibious, 8 rings, camouflage 1, gelatinous body 1,
(nimble swimmer 1), tentacles
a: no special abilities


You were on level 2 of the Dungeon.
You visited 1 branch of the dungeon, and saw 2 of its levels.

You collected 111 gold pieces.

You aren't carrying anything.


   Skills:
 + Level 1.0 Fighting
 + Level 2.6 Dodging
 + Level 4.0 Unarmed Combat
 - Level 2.0 Spellcasting
 - Level 2.0 Transmutations


You had 5 spell levels left.
You knew the following spells:

 Your Spells              Type           Power      Damage    Failure   Level
a - Beastly Appendage     Tmut           16%        N/A       9%          1

Your spell library contained the following spells:

 Spells                   Type           Power      Damage    Failure   Level
 Wereblood                Tmut           8%         N/A       13%         2
 Spider Form              Tmut/Pois      5%         N/A       36%         3
 Ice Form                 Ice/Tmut       5%         N/A       77%         4


Dungeon Overview and Level Annotations

Branches:
Dungeon (2/15)

Altars:

Annotations:
D:2 Robin


Innate Abilities, Weirdness & Mutations

You cannot wear most types of armour.
You are amphibious.
You can wear up to eight rings at the same time.
Your skin changes colour to match your surroundings (Stealth+).
Your rubbery body absorbs attacks. (AC +1, EV +1)
((You are camouflaged when in or above water. (Stealth+)))
You have tentacles for arms and can constrict up to eight enemies at once.


Message History

You cannot move.
You hit the goblin but do no damage. The bat hits you but does no damage.
You hit the bat but do no damage. The bat hits you but does no damage.
The goblin hits you but does no damage.
Robin roars a battlecry!
The goblins go into a battle-frenzy!
The goblin hits you but does no damage.
Unknown command.
You barely miss the goblin.
You feel less wooden. The goblin closely misses you.
Robin roars a battlecry!
The goblin goes into a battle-frenzy!
The goblin hits you with a +0 dagger. The bat closely misses you.
You hear a shout!
You barely miss the goblin. You grab the goblin. You constrict the goblin.
The bat hits you. The bat closely misses you.
The goblin hits you but does no damage.
Robin hits you from afar with a +0 trident.
The goblin hits you but does no damage.
Unknown command.
Unknown command.
It was a potion of resistance.
You feel protected.
You constrict the goblin. The bat closely misses you.
A goblin comes into view. It is wielding a +0 dagger.
The goblin misses you.
Robin hits you from afar with a +0 trident!
* * * LOW HITPOINT WARNING * * *
The goblin completely misses you. The bat hits you but does no damage.
You aren't carrying any scrolls.
You release your grip on the goblin.
The bat misses you. The goblin hits you with a +0 dagger.
* * * LOW HITPOINT WARNING * * *
Robin completely misses you.
Things that are here:
a +0 club; a goblin corpse Unknown command.
You barely miss Robin. You grab Robin. You constrict Robin. The bat hits you.
You die...

#.....# . ....g.
..### #....#
......+..g.+
#.....#....##
#...g....#
#..gg###.##
.......#b.g..#...
..S....+g@.......
.......#.......##
.......#.:.......
..........?g..#.#
.....(..##+#..# .
........ ..# ....
## ....#


You could see Robin, 5 goblins and a bat.

Vanquished Creatures
  3 bats
  3 endoplasms (D:1)
  A giant cockroach (D:1)
  6 goblins (D:2)
  5 hobgoblins (D:1)
  2 kobolds (D:1)
  3 quokkas (D:1)
  6 ball pythons
  A frilled lizard (D:1)
  A rat (D:1)
31 creatures vanquished.

Notes
Turn   | Place    | Note
-------+----------+-------------------------------------------
     0 | D:1      | ytrimaz the Octopode Transmuter began the quest for the
                  | Orb.
     0 | D:1      | Reached XP level 1. HP: 13/13 MP: 3/3
   236 | D:1      | Reached XP level 2. HP: 17/18 MP: 3/5
   910 | D:1      | Reached XP level 3. HP: 15/23 MP: 4/6
  1156 | D:1      | Found a faded altar of an unknown god.
  1417 | D:2      | Noticed Robin
  1442 | D:2      | Reached skill level 4 in Unarmed Combat
  1451 | D:2      | HP: 1/23 [goblin/+0 dagger[Robin] (1)]
  1452 | D:2      | Slain by a bat

Illustrated notes

Levels and vault maps discovered:
D:1:      evilmike_arrival_hilbert_curve, layout_loops_corners,
          shapermc_ecumenical_altar_ellora
D:2:      minmay_alternating_diamond, layout_basic, uniq_robin

Skill      XL: |  1  2  3 |
---------------+----------+-----
Unarmed Combat | 4 |  4.0
Fighting       | |  1.0
Dodging        | |  2.6
Spellcasting   | |  2.0
Transmutations | |  2.0

Action                   || total
-------------------------++-------
Melee: Unarmed           ||    63
       Kick              ||    11
       Constrict         ||    10
       Punch             ||     5
       Tentacles         ||     4
 Cast: Beastly Appendage ||    16
  Use: Scroll            ||     2
       Potion            ||     3
 Stab: Sleeping          ||     3
Armor: Skin              ||    80
Dodge: Dodged            ||    32

Table legend: (Time is in decaauts)
 A = Elapsed time spent in this place.
 B = Non-inter-level travel time spent in this place.
 C = Inter-level travel time spent in this place.
 D = Time resting spent in this place.
 E = Time spent auto-exploring this place.
 F = Levels seen in this place.
 G = Mean time per level.
                   A        B        C        D        E       F      G
               +--------+--------+--------+--------+--------+-----+--------+
         Total |   1447 |   1407 |     40 |      0 |   1215 |   2 |  723.5 |
       Dungeon |   1447 |   1407 |     40 |      0 |   1215 |   2 |  723.5 |
               +--------+--------+--------+--------+--------+-----+--------+

Top non-repeatable levels by time:
     D:1: 1414 daAuts
     D:2: 32 daAuts
